 Dungeon Crawl Stone Soup version 0.29.1-1-gd02db6906a (webtiles) character file.

Game seed: 1001853665516706792

546 Descartes the Shield-Bearer (level 7, 0/55 HPs)
             Began as a Formicid Fighter on Sept 25, 2022.
             Slain by a gnoll bouda
             ... wielding a +0 club
              (8 damage)
             ... on level 3 of the Dungeon.
             The game lasted 00:08:28 (4783 turns).

Descartes the Shield-Bearer (Formicid Fighter)      Turns: 4783, Time: 00:08:29

Health: 0/55       AC:  7    Str: 33    XL:     7   Next: 53%
Magic:  7/7        EV: 10    Int:  7    God:
Gold:   256        SH:  5    Dex: 13    Spells: 6/6 levels left

rFire   + . .      SeeInvis +   d - +2 whip (flame)
rCold   . . .      Faith    .   c - +0 buckler
rNeg    . . .      Spirit   .   t - +1 leather armour of Imuxelly {rElec Str+4}
rPois   .          Reflect  .   (helmet unavailable)
rElec   +          Harm     .   j - +0 cloak
rCorr   .          Rampage  .   w - +0 pair of gloves
Will    .....                   (no boots)
Stlth   +.........              (no amulet)
HPRegen 0.18/turn               q - ring of protection from fire
MPRegen 0.10/turn               p - +6 ring of strength

@: no status effects
A: permanent stasis, dig shafts and tunnels, antennae 3, four strong arms
a: Dig, Shaft Self


You were on level 3 of the Dungeon.
You visited 1 branch of the dungeon, and saw 4 of its levels.

You collected 256 gold pieces.

Inventory:

Hand Weapons
 a - a +0 war axe
 d - a +2 whip of flaming (weapon)
Missiles
 h - 3 boomerangs
 r - 6 poisoned darts
 x - 5 silver boomerangs
Armour
 b - a +0 scale mail
 c - a +0 buckler (worn)
 j - a +0 cloak (worn)
 t - the +1 leather armour of Imuxelly (worn) {rElec Str+4}
   (You found it on level 3 of the Dungeon)

   Str:       It affects your strength (+4).
   rElec:     It insulates you from electricity.
 w - a +0 pair of gloves (worn)
Jewellery
 p - a +6 ring of strength (right hand)
 q - a ring of protection from fire (left hand)
 u - a ring of ice
Scrolls
 e - 7 scrolls of identify {unknown}
 f - a scroll of enchant weapon {unknown}
 g - a scroll of amnesia {unknown}
 i - a scroll of fear {unknown}
 k - 5 scrolls of teleportation {unknown}
 l - a scroll of blinking {unknown}
 m - a scroll of summoning {unknown}
 n - a scroll of enchant armour {unknown}
 o - a scroll of torment {unknown}
 s - a scroll of fog {unknown}
 v - a scroll of acquirement {unknown}


   Skills:
 + Level 4.9 Fighting
 - Level 3.5(3.6) Axes
 + Level 1.0(2.4) Maces & Flails
 + Level 4.9 Armour
 + Level 5.9 Shields
 + Level 2.8 Translocations


You had 6 spell levels left.
You didn't know any spells.
Your spell library was empty.

Dungeon Overview and Level Annotations

Branches:
Dungeon (4/15)
 Temple: D:4-7

Altars:
Wu Jian


Innate Abilities, Weirdness & Mutations

You cannot be hasted, slowed, berserked, paralysed or teleported.
You can dig through walls and to a lower floor.
You have a pair of large antennae on your head. (SInv)
Your four strong arms can wield two-handed weapons with a shield.


Message History

The gnoll hits you but does no damage.
You barely miss the gnoll bouda.
The gnoll bouda is moderately wounded.
The goblin closely misses you. The gnoll bouda misses you.
The gnoll hits you from afar with a +0 spear!
The gnoll bouda attacks as you move away!
The gnoll bouda hits you with a +0 club.
The goblin attacks as you move away! The goblin hits you with a +0 club.
The gnoll barely misses you.
The gnoll bouda attacks as you move away!
The gnoll bouda hits you with a +0 club.
* * * LOW HITPOINT WARNING * * *
The goblin attacks as you move away! The goblin closely misses you.
There is a stone staircase leading up here.
The gnoll closely misses you. The goblin hits you with a +0 club.
* * * LOW HITPOINT WARNING * * *
The gnoll bouda hits you with a +0 club!
* * * LOW HITPOINT WARNING * * *
You climb upwards.
There is a stone staircase leading down here.
The gnoll bouda attacks as you move away!
The gnoll bouda hits you with a +0 club.
* * * LOW HITPOINT WARNING * * *
The gnoll bouda gazes fiercely through you!
You feel your attacks grow feeble. The goblin closely misses you.
The gnoll bouda attacks as you move away!
The gnoll bouda barely misses you. The goblin completely misses you.
You see here a +0 club.
Your attacks no longer feel as feeble.
You closely miss the gnoll bouda.
The gnoll bouda is moderately wounded.
The gnoll bouda closely misses you.
You whack the gnoll bouda! You burn the gnoll bouda.
The gnoll bouda is severely wounded.
The gnoll bouda barely misses you.
You hit the gnoll bouda. You burn the gnoll bouda.
The gnoll bouda is almost dead.
The gnoll bouda hits you with a +0 club!
You die...

###...........# #.#
#...........###.#######
#.########..#.........# #.#
#.....)......# #.#
##.#.>.......# #.#
#.#.........#
#.#########.##g########
#.#..........#g#
#.#.##########@#
#.#.#........#.#
#.#.#.####...#.# #.#.#.#
#...#.# #.#.#.# #...#.# #.#.#.#
#..<#.################ #.#...#
#...#.................
#.#############################
#..............................


You could see a gnoll bouda and a goblin.

Vanquished Creatures
  Sigmund (D:2)
  A black bear (D:4)
  A phantom (D:2)
  2 orc priests (D:2)
  Robin (D:2)
  3 adders (D:3)
  3 gnolls
  A worm (D:3)
  A dart slug (D:1)
  2 orcs (D:2)
  6 ball pythons
  13 endoplasms
  5 giant cockroaches
  12 goblins
  8 hobgoblins
  7 kobolds
  5 quokkas
  6 bats
  3 frilled lizards
  5 rats
86 creatures vanquished.

Notes
Turn   | Place    | Note
-------+----------+-------------------------------------------
     0 | D:1      | Descartes the Formicid Fighter began the quest for the Orb.
     0 | D:1      | Reached XP level 1. HP: 18/18 MP: 1/1
   142 | D:1      | Reached XP level 2. HP: 24/24 MP: 2/2
   672 | D:1      | Reached XP level 3. HP: 29/29 MP: 3/3
   700 | D:1      | Found a faded altar of an unknown god.
   946 | D:1      | Reached skill level 1 in Translocations
  1130 | D:2      | Reached XP level 4. HP: 36/37 MP: 4/4
  1276 | D:2      | Noticed Robin
  1674 | D:2      | Killed Robin
  1703 | D:2      | Noticed Sigmund
  1783 | D:2      | Killed Sigmund
  1784 | D:2      | Reached skill level 5 in Shields
  1784 | D:2      | Reached XP level 5. HP: 16/43 MP: 5/5
  1784 | D:2      | Reached XP level 6. HP: 18/49 MP: 6/6
  2037 | D:2      | Found an ornate altar of the Wu Jian Council.
  2188 | D:3      | Identified the +1 leather armour of Imuxelly {rElec Str+4}
  2626 | D:2      | HP: 2/49 [orc priest/+0 mace (4)]
  2931 | D:2      | Reached XP level 7. HP: 44/55 MP: 7/7
  4652 | D:3      | Reached skill level 1 in Maces & Flails
  4783 | D:3      | Slain by a gnoll bouda

Illustrated notes

Levels and vault maps discovered:
D:1:      sevenhm_arrival_forest_fort_small_4, layout_basic,
          basic_ecumenical_altar
D:2:      minmay_spotlight, layout_rooms, basic_altar, uniq_robin, uniq_sigmund
D:3:      layout_basic
D:4:      layout_rooms

Skill      XL: |  1  2  3  4  5  6  7 |
---------------+----------------------+-----
Translocations | 1 2 |  2.8
Fighting       | 4 |  4.9
Axes           | 3 |  3.5
Armour         | 4 |  4.9
Shields        | 5 |  5.9
Maces & Flails | 1 |  1.0

Action                   |  1- 3 |  4- 6 |  7- 9 || total
-------------------------+-------+-------+-------++-------
Melee: War axe           |    88 |    90 |     8 ||   186
       Whip              |       |       |    72 ||    72
  Use: Potion            |       |     1 |     4 ||     5
Armor: Scale mail        |    32 |    40 |       ||    72
       Leather armour    |       |    15 |    27 ||    42
       Skin              |       |       |     1 ||     1
Dodge: Dodged            |    47 |    67 |    48 ||   162
Block: Buckler           |    18 |    31 |    28 ||    77
